 Dungeon Crawl Stone Soup version 0.18.1-6-gd335043 (webtiles) character file.

6179 Leszczynek the Basher (level 10, -17/102 HPs)
             Began as an Ogre Summoner on May 17, 2016.
             Was an Elder of Makhleb.
             Demolished by a wyvern (18 damage)
             ... on level 10 of the Dungeon.
             The game lasted 00:30:51 (13035 turns).

Leszczynek the Basher (Ogre Summoner)              Turns: 13035, Time: 00:30:52

Health: -17/102    AC:  5    Str: 21    XL:     10   Next: 91%
Magic:  17/17      EV: 10    Int: 14    God:    Makhleb [****..]
Gold:   560        SH:  0    Dex: 12    Spells: 3 memorised, 7 levels left

rFire  . . .     SeeInvis .     K - +0 giant club
rCold  . . .     Gourm    .     u - +0 robe
rNeg   . . .     Faith    .     (shield currently unavailable)
rPois  .         Spirit   .     (helmet restricted)
rElec  .         Dismiss  .     A - +1 cloak
rCorr  .         Reflect  .     (gloves unavailable)
SustAt .         Harm     .     (boots unavailable)
MR     +....                    (no amulet)
Stlth  ++........               C - +2 ring of strength
                                J - +3 ring of strength

@: somewhat resistant to hostile enchantments, unstealthy
A: unfitting armour, tough skin 1
a: Minor Destruction, Lesser Servant of Makhleb, Major Destruction, Renounce
Religion


You were on level 10 of the Dungeon.
You worshipped Makhleb.
Makhleb was greatly pleased with you.
You were not hungry.

You visited 1 branch of the dungeon, and saw 10 of its levels.

You collected 560 gold pieces.

Inventory:

Hand Weapons
 x - a +1 giant spiked club
 K - a +0 giant club (weapon)
Missiles
 j - 12 tomahawks
 q - 50 poisoned needles
 s - 4 silver tomahawks (quivered)
Armour
 u - a +0 robe (worn)
 A - a +1 cloak (worn)
Jewellery
 g - an uncursed ring of ice
 C - a +2 ring of strength (right hand)
 H - an uncursed ring of positive energy
 J - a +3 ring of strength (left hand)
Wands
 f - a wand of flame (11/48)
 y - a wand of flame (22/48)
 D - a wand of slowing (20/48)
 F - a wand of paralysis (24/24)
 I - a wand of flame (23/48)
Scrolls
 b - a scroll of identify
 e - 2 scrolls of amnesia
 i - 5 scrolls of remove curse
 G - 4 scrolls of teleportation
Potions
 h - a potion of resistance {unknown}
 k - a potion of heal wounds
 l - 6 potions of might
 m - 4 potions of cure mutation
 n - a potion of cancellation
 p - a potion of agility {unknown}
 r - 3 potions of flight
 t - 2 potions of degeneration {unknown}
 w - a potion of curing {unknown}
 z - a potion of magic {unknown}
 E - a potion of ambrosia {unknown}
 L - a potion of invisibility {unknown}
Books
 o - a book of Callings

   Spells                             Type                      Level
   a - Summon Small Mammal            Summoning                    1
   b - Call Imp                       Summoning                    2
   c - Call Canine Familiar           Summoning                    3
   d - Summon Guardian Golem          Hexes/Summoning              3
   e - Summon Lightning Spire         Summoning/Air                4
   f - Summon Ice Beast               Ice/Summoning                4
Comestibles
 a - 2 chunks of flesh
 c - 5 bread rations
 d - 8 slices of pizza
 v - 4 meat rations


   Skills:
 - Level 7.4 Fighting
 + Level 14.1 Maces & Flails
 - Level 1.7 Dodging
 - Level 1.5 Stealth
 - Level 2.4 Spellcasting
 - Level 2.9 Summonings
 + Level 10.6 Invocations


You had 7 spell levels left.
You knew the following spells:

 Your Spells              Type           Power        Failure   Level  Hunger
a - Summon Small Mammal   Summ           ##..         10%         1    #......
b - Call Imp              Summ           ##......     12%         2    ###....
c - Call Canine Familiar  Summ           ##......     21%         3    ###....


Dungeon Overview and Level Annotations

Branches:
Dungeon (10/15)            Temple (0/1) D:7
   Lair: D:8-11         Orc: D:9-12

Altars:
Ashenzari
Dithmenos
Fedhas
Kikubaaqudgha
Makhleb
Nemelex Xobeh
Okawaru
Qazlal
Ru
Vehumet
Xom
Zin
The Shining One

Annotations:
D:5 Grinder
D:8 exclusion: ugly thing


Innate Abilities, Weirdness & Mutations

You are too large for most types of armour.
You have tough skin (AC +1).


Message History

The wyvern bites you!
* * * LOW HITPOINT WARNING * * *
Drink which item? (? for menu, Esc to quit)
Okay, then.
Read which item? (? for menu, Esc to quit)
Okay, then.
Casting: Call Canine Familiar
Confirm with . or Enter, or press ? or * to list all spells.
Okay, then.
Press: ? - help, Shift-Dir - straight line, f - wyvern
Aim: a wyvern (severely wounded)
The orb of electricity explodes!
The orb of electricity engulfs the wyvern.
The wyvern is almost dead.
The orb of electricity engulfs you!
* * * LOW HITPOINT WARNING * * *
You feel somewhat more hungry.
You hear a shout! x3
The wyvern bites you!!
You die...

. .## ..# #### #.#
...## #.# ....# #.#
_...# ######'##
######+## ....#
#.....l.# #........
....#######.....@.#
+........
....##....'.......#
#........
....##.####.......#
#.(..<... ....'..#
#.......+ #.....s..
....#### #.......#
#....H... ....#
#<......# #........
....# #......(#
#........ ....#
#...()..# #.>......
##### #######
#########


You could see a wyvern.

Vanquished Creatures
  A spriggan (D:8)
  Eustachio (D:4)
  2 hippogriffs (D:9)
  Edmund (D:6)
  3 orc warriors
  A black bear (D:8)
  2 ice beasts
  A necrophage (D:7)
  3 ogres
  3 sky beasts
  2 phantoms
  5 centaurs
  A big kobold (D:9)
  2 giant frogs
  A gnoll sergeant (D:8)
  A wyvern skeleton (D:7)
  2 scorpions
  4 killer bees (D:8)
  2 howler monkeys
  5 crimson imps
  A giant frog zombie (D:8)
  6 orc priests
  3 jellies
  2 centaur skeletons
  2 giant frog skeletons
  2 hounds (D:9)
  9 orc wizards
  Natasha (twice) (D:4)
  An iguana (D:7)
  2 worker ants
  Robin (D:3)
  3 gnolls
  A howler monkey zombie (D:5)
  6 adders
  A shadow imp (D:6)
  2 oozes (D:1)
  2 worms
  A dart slug (D:3)
  2 giant geckos
  28 orcs
  2 giant cockroaches
  9 goblins
  A hobgoblin (D:3)
  15 jackals
  3 quokkas
  9 bats
  A giant gecko skeleton (D:5)
  A giant gecko zombie (D:5)
  4 giant newts
  13 kobolds
  8 rats
186 creatures vanquished.

Vanquished Creatures (collateral kills)
  Erica (D:8)
  The ghost of bananaglory the Quickloader, a novice TeHu (D:8)
  2 two-headed ogres
  2 trolls (D:9)
  Sigmund (D:6)
  A wyvern (D:5)
  A soldier ant (D:9)
  An orc warrior (D:9)
  A phantom (D:4)
  An ice beast (D:9)
  2 killer bees
  A crimson imp (D:5)
  A hound (D:8)
  2 orc wizards
  Natasha (D:4)
  2 worker ants
  The ghost of oplop the Vexing, a weakling FeEn (D:3)
  A howler monkey skeleton (D:5)
  3 orcs (D:3)
  A bat (D:1)
  3 hobgoblins
  A jackal (D:5)
  2 giant newts
  3 goblins (D:3)
  3 kobolds
39 creatures vanquished.

Grand Total: 225 creatures vanquished

Notes
Turn   | Place    | Note
--------------------------------------------------------------
     0 | D:1      | Leszczynek the Ogre Summoner began the quest for the Orb.
     0 | D:1      | Reached XP level 1. HP: 16/16 MP: 3/3
    60 | D:1      | TACTICS
    81 | D:1      | Reached skill level 1 in Fighting
   286 | D:1      | Reached skill level 2 in Fighting
   286 | D:1      | Reached XP level 2. HP: 25/28 MP: 5/5
   437 | D:1      | Learned a level 2 spell: Call Imp
   576 | D:1      | Reached skill level 3 in Fighting
  1196 | D:2      | Found a sacrificial altar of Ru.
  1246 | D:2      | Reached XP level 3. HP: 36/37 MP: 6/6
  1258 | D:2      | Reached skill level 1 in Maces & Flails
  1762 | D:2      | Learned a level 3 spell: Call Canine Familiar
  1853 | D:3      | Reached skill level 2 in Maces & Flails
  2042 | D:3      | Found a burning altar of Makhleb.
  2052 | D:3      | Became a worshipper of Makhleb the Destroyer
  2075 | D:3      | Noticed Robin
  2105 | D:3      | Reached XP level 4. HP: 45/48 MP: 4/7
  2217 | D:3      | Found a sparkling altar of Nemelex Xobeh.
  2217 | D:3      | Found a shattered altar of Ashenzari.
  2229 | D:3      | Noticed oplop's ghost (weakling FeEn)
  2301 | D:3      | Killed Robin
  2301 | D:3      | Reached skill level 4 in Fighting
  2540 | D:3      | Reached skill level 3 in Maces & Flails
  2575 | D:3      | Reached * piety under Makhleb
  2666 | D:3      | Found a glowing silver altar of Zin.
  2666 | D:3      | Found a glowing golden altar of the Shining One.
  2687 | D:3      | Found a sacrificial altar of Ru.
  2850 | D:3      | Killed oplop's ghost
  3105 | D:4      | Noticed an orc warrior
  3106 | D:4      | Noticed Eustachio
  3106 | D:4      | d:4 orc warrior huh
  3126 | D:4      | Reached skill level 4 in Maces & Flails
  3126 | D:4      | Reached XP level 5. HP: 54/54 MP: 8/8
  3278 | D:4      | Found a shimmering altar of Xom.
  3512 | D:4      | Noticed Natasha
  3521 | D:4      | Killed Natasha
  3521 | D:4      | Reached skill level 5 in Maces & Flails
  3531 | D:4      | Noticed Natasha
  3536 | D:4      | Killed Natasha
  3633 | D:4      | Noticed a phantom
  3646 | D:4      | Killed Eustachio
  3646 | D:4      | Reached skill level 7 in Maces & Flails
  3646 | D:4      | Reached XP level 6. HP: 43/62 MP: 2/9
  3655 | D:4      | Killed a phantom
  3696 | D:4      | Noticed Natasha
  3859 | D:4      | Killed Natasha
  3925 | D:4      | Reached skill level 8 in Maces & Flails
  3925 | D:4      | Reached XP level 7. HP: 64/70 MP: 1/10
  4132 | D:4      | not just a normal d:4 orc warrior
  4132 | D:4      | it's a d:4 orc warrior with a wand
  4147 | D:5      | Entered Level 5 of the Dungeon
  4174 | D:4      | Reached ** piety under Makhleb
  4174 | D:4      | Reached skill level 9 in Maces & Flails
  5217 | D:5      | Noticed Grinder
  5256 | D:5      | Reached skill level 10 in Maces & Flails
  5395 | D:5      | Reached XP level 8. HP: 70/78 MP: 11/11
  5727 | D:5      | Reached skill level 11 in Maces & Flails
  6068 | D:5      | Reached skill level 12 in Maces & Flails
  6069 | D:5      | Reached *** piety under Makhleb
  6221 | D:5      | Found a stormy altar of Qazlal.
  6259 | D:5      | Noticed a wyvern
  6302 | D:5      | Killed a wyvern
  6302 | D:5      | Reached skill level 1 in Invocations
  6501 | D:6      | Reached skill level 2 in Invocations
  6720 | D:6      | Reached skill level 3 in Invocations
  7113 | D:6      | Got a brightly glowing short sword
  7128 | D:6      | Noticed Edmund
  7130 | D:6      | Noticed Sigmund
  7221 | D:6      | Killed Sigmund
  7221 | D:6      | Reached skill level 5 in Fighting
  7221 | D:6      | Reached skill level 4 in Invocations
  7221 | D:6      | Reached XP level 9. HP: 85/88 MP: 1/12
  7228 | D:6      | Killed Edmund
  8136 | D:7      | Found a staircase to the Ecumenical Temple.
  8153 | D:7      | Reached skill level 5 in Invocations
  8161 | D:7      | Found an iron altar of Okawaru.
  8288 | D:7      | Noticed a two-headed ogre
  8302 | D:7      | Found a blossoming altar of Fedhas.
  8314 | D:7      | Killed a two-headed ogre
  8314 | D:7      | Reached skill level 6 in Fighting
  8397 | D:7      | Found an ancient bone altar of Kikubaaqudgha.
  8470 | D:7      | Reached skill level 6 in Invocations
  8797 | D:7      | Reached skill level 7 in Fighting
  9103 | D:7      | HP: 13/138 [poisoned by a killer bee]
  9108 | D:7      | HP: 12/138 [poisoned by a killer bee]
  9113 | D:7      | HP: 12/138 [poisoned by a killer bee]
  9120 | D:7      | HP: 8/92 [poisoned by a killer bee]
  9128 | D:7      | HP: 8/92 [poisoned by a killer bee]
  9519 | D:8      | Reached skill level 7 in Invocations
  9629 | D:8      | Noticed a two-headed ogre
  9764 | D:8      | Killed a two-headed ogre
  9990 | D:8      | Noticed bananaglory's ghost (novice TeHu)
 10103 | D:8      | Reached XP level 10. HP: 101/101 MP: 15/15
 10349 | D:8      | Reached **** piety under Makhleb
 10586 | D:8      | Noticed Erica
 10589 | D:8      | Killed Erica
 10589 | D:8      | Reached skill level 13 in Maces & Flails
 10589 | D:8      | Reached skill level 8 in Invocations
 10665 | D:8      | Killed bananaglory's ghost
 10665 | D:8      | Reached skill level 9 in Invocations
 11104 | D:8      | Noticed a purple ugly thing
 11749 | D:9      | Found a radiant altar of Vehumet.
 11993 | D:9      | Identified the cursed +1 short sword of Grontol {pierce, rC++ Int+4} (You found it on level 6 of the Dungeon)
 12167 | D:9      | Reached skill level 10 in Invocations
 12483 | D:9      | Found a shadowy altar of Dithmenos.
 12769 | D:9      | Reached skill level 14 in Maces & Flails
 12976 | D:10     | Entered Level 10 of the Dungeon
 12990 | D:10     | Found an ancient bone altar of Kikubaaqudgha.
 13035 | D:10     | HP: 5/102 [shot self (19)]
 13035 | D:10     | Demolished by a wyvern

Skill      XL: |  1  2  3  4  5  6  7  8  9 10 |
---------------+-------------------------------+-----
Fighting       | 2 3 4 5 7 |  7.4
Maces & Flails | 2 4 7 8 10 12 14 | 14.1
Invocations    | 4 7 10 | 10.6
Dodging        | |  1.7
Stealth        | |  1.5
Spellcasting   | |  2.4
Summonings     | |  2.9

Action                   |  1- 3 |  4- 6 |  7- 9 | 10-12 || total
-------------------------+-------+-------+-------+-------++-------
Melee: Dagger            |    48 |       |       |       ||    48
       Unarmed           |    10 |       |     2 |       ||    12
       Short sword       |    60 |    14 |       |       ||    74
       Whip              |       |    97 |   147 |       ||   244
       Giant spiked club |       |       |    96 |       ||    96
       Giant club        |       |       |    58 |   214 ||   272
Throw: Tomahawk          |       |       |       |     1 ||     1
 Cast: Summon Small Mamm |     5 |     1 |       |       ||     6
       Call Imp          |    10 |    16 |    15 |       ||    41
       Call Canine Famil |       |     7 |    15 |       ||    22
Invok: Lesser Servant of |       |       |     3 |     5 ||     8
       Minor Destruction |       |       |     2 |     4 ||     6
       Major Destruction |       |       |       |     1 ||     1
Evoke: Wand              |       |       |     7 |       ||     7
  Use: Scroll            |     4 |     4 |     2 |     7 ||    17
       Potion            |       |       |     2 |     2 ||     4
 Stab: Sleeping          |       |     3 |     1 |       ||     4
       Distracted        |       |     1 |     1 |     1 ||     3
  Eat: Chunk             |     5 |     7 |    14 |     6 ||    32
       Royal jelly       |       |       |     1 |     1 ||     2
       Bread ration      |       |       |     2 |       ||     2
       Pizza             |       |       |       |     1 ||     1
Armor: Robe              |    47 |    15 |    59 |    55 ||   176
       Skin              |       |       |    10 |       ||    10
Dodge: Dodged            |    91 |    47 |   130 |   102 ||   370
